 Dungeon Crawl Stone Soup version 0.30-a0-1103-g25895a7845 (webtiles) character file.

Game seed: 8541437836653337988

293 Arzdou the Insei (level 6, -6/43 HPs)
             Began as a Demonspawn Transmuter on Apr 18, 2023.
             Killed by divine providence
             ... invoked by an orc priest
              (13 damage)
             ... on level 5 of the Dungeon.
             The game lasted 00:07:50 (4092 turns).

Arzdou the Insei (Demonspawn Transmuter)            Turns: 4092, Time: 00:07:51

Health: -6/43      AC:  7    Str: 13    XL:     6   Next: 11%
Magic:  10/11      EV: 12    Int: 14    God:
Gold:   371        SH:  0    Dex: 13    Spells: 5/12 levels left

rFire   . . .      SeeInvis .      - Unarmed
rCold   . . .      Faith    .    (no shield)
rNeg    . . .      Spirit   .    f - +0 scale mail
rPois   .          Reflect  .    (helmet currently unavailable)
rElec   .          Rampage  .    (no cloak)
rCorr   .                        m - +0 pair of gloves
Will    .....                    q - melded +1 pair of boots "Niditrug" {rF+ Str+3} Stlth
                                 (no amulet)
HPRegen 0.27/turn                (no ring)
MPRegen 0.12/turn                (no ring)

@: appendages, invisible
A: horns 2, talons 2, hooves 1, repulsion field 2, foul stench 1
a: End Transformation


You were on level 5 of the Dungeon.
You had temporarily grown beastly horns and talons.
You visited 1 branch of the dungeon, and saw 5 of its levels.

You collected 371 gold pieces.

Inventory:

Armour
 a - a +0 robe
 f - a +0 scale mail (worn)
 g - a +0 plate armour
 m - a +0 pair of gloves (worn)
 q - the +1 pair of boots "Niditrug" (melded) {rF+ Str+3}
   (You found it on level 3 of the Dungeon)

   Str:       It affects your strength (+3).
   rF:        It protects you from fire.
Wands
 t - a wand of mindburst (4)
Scrolls
 e - a scroll of fear {unknown}
 h - a scroll of vulnerability {unknown}
 j - 4 scrolls of teleportation
 n - 2 scrolls of enchant armour {unknown}
 o - a scroll of blinking {unknown}
 r - a scroll of identify
 s - a scroll of noise {unknown}
 u - a scroll of silence {unknown}
Potions
 b - a potion of lignification
 c - a potion of resistance
 d - a potion of flight
 i - a potion of brilliance {unknown}
 k - 5 potions of curing
 l - 2 potions of invisibility
 p - a potion of haste {unknown}


   Skills:
 + Level 1.1 Fighting
 + Level 1.0 Armour
 + Level 1.9 Dodging
 * Level 4.6 Unarmed Combat
 * Level 3.6 Spellcasting
 * Level 2.7 Transmutations


You had 5 spell levels left.
You knew the following spells:

 Your Spells              Type           Power      Damage    Failure   Level
a - Beastly Appendage     Tmut           20%        N/A       30%         1
b - Wereblood             Tmut           10%        N/A       43%         2
c - Ice Form              Ice/Tmut       6%         N/A       99%         4

Your spell library contained the following spells:

 Spells                   Type           Power      Damage    Failure   Level
 Passwall                 Tmut/Erth      5%         N/A       63%         2
 Apportation              Tloc           4%         N/A       67%         1
 Ensorcelled Hibernation  Hex/Ice        4%         N/A       82%         2
 Spider Form              Tmut/Pois      6%         N/A       86%         3
 Swiftness                Air            2%         N/A       96%         3
 Alistair's Intoxication  Tmut/Pois      4%         N/A       100%        5


Dungeon Overview and Level Annotations

Branches:
Dungeon (5/15)
 Temple: D:4-7

Altars:

Annotations:
D:4 2 transporters, Edmund; microfolk's ghost, amateur DgWn


Innate Abilities, Weirdness & Mutations

You have temporarily grown beastly horns and talons.
You have large cloven feet.
You are surrounded by a moderate repulsion field. (EV +3)
You may rarely emit foul miasma when damaged in melee.


Message History

The orc barely misses you.
You closely miss the orc.
The orc is severely wounded.
The orc hits you with a +0 dagger.
You emit a cloud of foul miasma!
Okay, then.
Okay, then.
You fade into invisibility!
The orc is engulfed in dark miasma.
The orc is poisoned.
The orc seems to slow down.
You kill the orc!
The orc priest hits you but does no damage.
The orc barely misses you.
You barely miss the orc. The orc priest misses you.
You barely miss the orc priest.
The orc priest mumbles some strange prayers to Beogh against you.
Beogh smites you!
You hit the orc priest.
The orc priest is heavily wounded.
You hit the orc priest but do no damage.
The orc priest is heavily wounded.
The orc priest barely misses you.
You are too injured to fight recklessly!
You are too injured to fight recklessly!
Casting: Beastly Appendage (safe; 24% risk of failure)
Confirm with . or Enter, or press ? or * to list all spells.
You grow a pair of large bovine horns.
Your feet morph into talons.
The +1 pair of boots "Niditrug" {rF+ Str+3} melds into your body.
The orc priest closely misses you. The orc closely misses you.
You barely miss the orc priest.
The orc priest is heavily wounded.
The orc priest hits you with a +0 trident!
* * * LOW HITPOINT WARNING * * *
The orc priest hits you but does no damage.
The orc barely misses you.
You hit the orc priest but do no damage.
Your kick misses the orc priest.
The orc priest is heavily wounded.
The orc priest invokes the aid of Beogh against you.
Beogh smites you!
You die...

############
#..........##
##.....[.....#
#............#
#............##
.#.............#
...............#
.....o####ooo..#
..... ####..@°.#
...$ #........#
...>....##.....#
.. .... .......#
. ... .....####
<.......)# .
........
.......#
.####...#


You could see 2 orc priests and an orc (unable to see you).

Vanquished Creatures
  A scorpion (D:4)
  An orc wizard (D:4)
  9 adders
  2 river rats (D:3)
  A worm (D:3)
  3 dart slugs (D:1)
  7 orcs
  8 bats
  8 endoplasms
  2 giant cockroaches
  7 goblins
  3 hobgoblins
  A jackal (D:1)
  4 quokkas
  14 ball pythons
  6 frilled lizards
  4 kobolds
  20 rats
101 creatures vanquished.

Notes
Turn   | Place    | Note
-------+----------+-------------------------------------------
     0 | D:1      | Arzdou the Demonspawn Transmuter began the quest for the
                  | Orb.
     0 | D:1      | Reached XP level 1. HP: 15/15 MP: 3/3
   276 | D:1      | Reached skill level 3 in Unarmed Combat
   276 | D:1      | Lost mutation: You have razor-sharp toenails. [demonic
                  | ancestry]
   276 | D:1      | Lost mutation: You have sharp toenails. [demonic ancestry]
   276 | D:1      | Gained mutation: You have large cloven feet. [demonic
                  | ancestry]
   276 | D:1      | Reached XP level 2. HP: 16/21 MP: 3/5
   767 | D:1      | Gained mutation: You are surrounded by a mild repulsion
                  | field. (EV +2) [demonic ancestry]
   767 | D:1      | Reached XP level 3. HP: 26/26 MP: 4/6
  1403 | D:2      | Gained mutation: You are surrounded by a moderate repulsion
                  | field. (EV +3) [demonic ancestry]
  1403 | D:2      | Reached XP level 4. HP: 32/32 MP: 6/8
  2054 | D:2      | Found a faded altar of an unknown god.
  2900 | D:3      | Reached XP level 5. HP: 37/37 MP: 10/10
  2972 | D:3      | Identified the +1 pair of boots "Niditrug" {rF+ Str+3}
  3059 | D:3      | Reached skill level 4 in Unarmed Combat
  3428 | D:4      | Noticed Edmund
  3482 | D:4      | Noticed microfolk's ghost (amateur DgWn)
  3491 | D:4      | Found a transporter.
  3495 | D:4      | Found a transporter.
  3751 | D:4      | Learned a level 2 spell: Wereblood
  3756 | D:4      | Learned a level 4 spell: Ice Form
  3810 | D:4      | Gained mutation: You may rarely emit foul miasma when
                  | damaged in melee. [demonic ancestry]
  3810 | D:4      | Reached XP level 6. HP: 7/43 MP: 11/11
  3971 | D:5      | Entered Level 5 of the Dungeon
  4010 | D:4      | Reached skill level 1 in Armour
  4092 | D:5      | Killed from afar by an orc priest

Illustrated notes

Levels and vault maps discovered:
D:1:      matt_arrival_diagonals, layout_loops_ring, dk_noncrumbling_4,
          minmay_pentomino_s4
D:2:      layout_loops_ring, nicolae_ecumenical_oubliette
D:3:      layout_loops_corners, portal_sewer_entry_b, nicolae_titane
D:4:      layout_cave_pools, mainiacjoe_overflow_boulevard,
          gammafunk_ghost_abyssal_escape, uniq_edmund
D:5:      layout_rooms, minmay_misc_feat_four_crosses,
          nicolae_figureground_pulse

Skill      XL: |  1  2  3  4  5  6 |
---------------+-------------------+-----
Unarmed Combat | 3 4 |  4.6
Transmutations | 2 |  2.7
Spellcasting   | 3 |  3.6
Armour         | 1 |  1.0
Fighting       | |  1.1
Dodging        | |  1.9

Action                     |  1- 3 |  4- 6 || total
---------------------------+-------+-------++-------
  Melee: Unarmed           |   147 |   219 ||   366
         Kick              |    31 |    25 ||    56
         Headbutt          |    12 |    13 ||    25
         Punch             |     1 |     8 ||     9
   Cast: Beastly Appendage |    15 |    24 ||    39
    Use: Scroll            |       |     4 ||     4
         Potion            |       |     1 ||     1
 Armour: Scale mail        |    68 |    67 ||   135
         Robe              |     3 |       ||     3
  Dodge: Dodged            |    79 |   142 ||   221

Table legend: (Time is in decaauts)
 A = Elapsed time spent in this place.
 B = Non-inter-level travel time spent in this place.
 C = Inter-level travel time spent in this place.
 D = Time resting spent in this place.
 E = Time spent auto-exploring this place.
 F = Levels seen in this place.
 G = Mean time per level.
                   A        B        C        D        E       F      G
               +--------+--------+--------+--------+--------+-----+--------+
         Total |   4070 |   3902 |    168 |    317 |   2753 |   5 |  814.0 |
       Dungeon |   4070 |   3902 |    168 |    317 |   2753 |   5 |  814.0 |
               +--------+--------+--------+--------+--------+-----+--------+

Top non-repeatable levels by time:
     D:1: 1246 daAuts
     D:3: 1106 daAuts
     D:2: 1050 daAuts
     D:4: 634 daAuts
     D:5: 32 daAuts
